 Dungeon Crawl Stone Soup version 0.24-a0-355-gbe4061de67 (webtiles) character file.

Game seed: 12917104746715511138

112 kaladindcss the Ruffian (level 4, -2/45 HPs)
             Began as a Troll Monk on May 24, 2019.
             Slain by a gnoll
             ... wielding a +0 halberd
              (7 damage)
             ... on level 2 of the Dungeon.
             The game lasted 00:03:59 (1018 turns).

kaladindcss the Ruffian (Troll Monk)                Turns: 1018, Time: 00:04:00

Health: -2/45      AC:  6    Str: 20    XL:     4   Next: 64%
Magic:  3/3        EV: 11    Int:  6    God:
Gold:   70         SH:  0    Dex: 12    Spells: 3/3 levels left

rFire    . . .     SeeInvis .     - Unarmed
rCold    . . .     Gourm    +   (no shield)
rNeg     . . .     Faith    .   a - +0 robe
rPois    .         Spirit   .   (helmet restricted)
rElec    .         Reflect  .   (no cloak)
rCorr    .         Harm     .   (gloves unavailable)
MR       .....                  (boots unavailable)
Stlth    ++........             c - amulet of regeneration
HPRegen  0.95/turn              (no ring)
MPRegen  0.08/turn              (no ring)

@: lethally poisoned (-2 -> -2)
A: large, unfitting armour, claws 3, fast metabolism 3, gourmand, regeneration
1, shaggy fur 1, tough skin 3
a: no special abilities


You were on level 2 of the Dungeon.
You were not hungry.

You visited 1 branch of the dungeon, and saw 2 of its levels.

You collected 70 gold pieces.

Inventory:

Armour
 a - a +0 robe (worn)
Jewellery
 c - an amulet of regeneration (around neck)
 e - an uncursed ring of protection from cold {unknown}
Scrolls
 f - a scroll of immolation {unknown}
Comestibles
 b - 9 rations


   Skills:
 + Level 3.0 Fighting
 + Level 2.9 Dodging
 - Level 1.1 Stealth
 + Level 4.4 Unarmed Combat


You had 3 spell levels left.
You didn't know any spells.
Your spell library was empty.

Dungeon Overview and Level Annotations

Branches:
Dungeon (2/15)

Altars:
Fedhas


Innate Abilities, Weirdness & Mutations

You are too large for most types of armour.
You have claws for hands.
Your metabolism is lightning-fast.
You like to eat raw meat.
Your natural rate of healing is unusually fast.
You are covered in fur. (AC +1)
You have extremely tough skin. (AC +3)


Message History

a +0 spear; a gnoll corpse You claw the gnoll!
The gnoll is severely wounded.
The gnoll hits you with a +0 club.
You claw the gnoll!
You kill the gnoll!
The gnoll closely misses you.
You miss the adder. The adder bites you but does no damage.
The gnoll hits you from afar with a +0 halberd.
The gnoll barely misses you.
You closely miss the adder. The adder bites you.
You are poisoned.
The adder poisons you! The gnoll closely misses you. x2
The adder completely misses you.
You closely miss the adder.
You feel sick. The adder bites you but does no damage.
The gnoll hits you from afar with a +0 spear!
* * * LOW HITPOINT WARNING * * *
The gnoll hits you from afar with a +0 halberd!
You die...

P♣..## ..♣P ♣P..#
##.PP ...## #†.#
P.## #.# #. .## #.#
... .#### #.# ....
....# ##.# .P...
..#.##
#..#####gw....
.....# #.###.@Sg#
.P.P.# #.###.####
.._..# ####.##..#
.P.P.###.......###
.....#..[##.####.##
....##.####.......#
....#..#.....####.#
.........#..## #.#
..# ...........##
#.# ##.#


You could see 2 gnolls, an adder and a dart slug.

Vanquished Creatures
  Robin (D:2)
  2 gnolls (D:2)
  2 adders (D:2)
  2 worms (D:2)
  5 dart slugs
  A leopard gecko (D:1)
  2 giant cockroaches
  11 goblins (D:2)
  9 hobgoblins
  6 kobolds
  A ball python (D:2)
  5 bats
  A frilled lizard (D:1)
  2 rats (D:1)
50 creatures vanquished.

Notes
Turn   | Place    | Note
-------+----------+-------------------------------------------
     0 | D:1      | kaladindcss the Troll Monk began the quest for the Orb.
     0 | D:1      | Reached XP level 1. HP: 22/22 MP: 0/0
   293 | D:1      | Reached XP level 2. HP: 29/29 MP: 1/1
   647 | D:2      | Reached XP level 3. HP: 36/36 MP: 2/2
   805 | D:2      | Noticed Robin
   818 | D:2      | Reached skill level 4 in Unarmed Combat
   833 | D:2      | Killed Robin
   833 | D:2      | Reached XP level 4. HP: 29/45 MP: 3/3
   954 | D:2      | Found a blossoming altar of Fedhas.
  1018 | D:2      | Slain by a gnoll

Levels and vault maps discovered:
D:1:      dpeg_arrival_renting, layout_basic, minmay_pentomino_q4
D:2:      layout_rooms, gammafunk_temple_overflow_statue,
          chequers_ecumenical_altar_simple, serial_forest,
          infiniplex_forest_corner_1, infiniplex_forest_clump_diagonal,
          infiniplex_forest_lined_room_2, infiniplex_forest_clump_long,
          infiniplex_forest_clump_diagonal, infiniplex_forest_corner_1,
          infiniplex_forest_clump_diagonal, first_ration, fedhas_altar_1,
          uniq_robin

Skill      XL: |  1  2  3 |
---------------+----------+-----
Unarmed Combat | 4 |  4.4
Fighting       | 3 |  3.0
Dodging        | |  2.9
Stealth        | |  1.1

Action                   |  1- 3 |  4- 6 || total
-------------------------+-------+-------++-------
Melee: Unarmed           |    97 |    24 ||   121
       Punch             |     2 |       ||     2
  Use: Potion            |     1 |       ||     1
 Stab: Sleeping          |       |     1 ||     1
  Eat: Chunk             |     5 |       ||     5
       Ration            |       |     1 ||     1
Armor: Robe              |    37 |     3 ||    40
       Skin              |    13 |     4 ||    17
Dodge: Dodged            |    51 |    14 ||    65

Table legend:
 A = Non-vault XP
 B = Vault XP
 C = Vault XP percentage of total XP
 D = Non-vault monster count
 E = Vault monster count
 F = Vault count percentage of total count
                 A         B        C        D         E       F
            +---------+---------+-------+---------+---------+-------
      Total |     117 |      44 |  27.3 |      33 |      17 |  34.0
            +---------+---------+-------+---------+---------+-------
        D:1 |      23 |       8 |  25.8 |      13 |       4 |  23.5
        D:2 |      94 |      36 |  27.7 |      20 |      13 |  39.4
            +---------+---------+-------+---------+---------+-------
